 Dungeon Crawl Stone Soup version 0.30-b1-2-g02819fbbbe (webtiles) character file.

Game seed: 3165017205850089030

44 snakesoul the Digger (level 3, -1/19 HPs)
             Began as a Gargoyle Earth Elementalist on June 12, 2023.
             Slain by a gnoll
             ... wielding a +0 halberd
              (11 damage)
             ... on level 2 of the Dungeon.
             The game lasted 00:01:53 (1145 turns).

snakesoul the Digger (Gargoyle Earth Elementalist)  Turns: 1145, Time: 00:01:54

Health: -1/19      AC:  6    Str: 11    XL:     3   Next: 62%
Magic:  2/6        EV: 11    Int: 17    God:
Gold:   30         SH:  0    Dex: 10    Spells: 3/7 levels left

rFire   . . .        i - +2 short sword (speed)
rCold   . . .        (no shield)
rNeg    + . .        a - +0 robe
rPois   ∞            d - +0 helmet
rElec   +            (no cloak)
rCorr   .            (no gloves)
SInv    .            (no boots)
Will    .....        (no amulet)
Stlth   ++           (no ring)
HPRegen 0.23/turn    (no ring)
MPRegen 0.10/turn

%: no passive effects
@: no status effects
A: sickness immunity, AC +3, negative energy resistance 1, electricity
resistance, torment resistance 1, petrification resistance
a: no special abilities


You were on level 2 of the Dungeon.
You visited 1 branch of the dungeon, and saw 2 of its levels.

You collected 30 gold pieces.

Inventory:

Hand Weapons
 i - a +2 short sword of speed (weapon)
Armour
 a - a +0 robe (worn)
 d - a +0 helmet (worn)
Scrolls
 c - 2 scrolls of identify {unknown}
 e - 2 scrolls of poison {unknown}
 g - a scroll of amnesia {unknown}
 h - a scroll of teleportation {unknown}
Potions
 b - a potion of magic
 f - a potion of might {unknown}
 j - 2 potions of curing {unknown}


   Skills:
 - Level 1.5 Dodging
 - Level 2.1 Stealth
 + Level 2.5 Spellcasting
 * Level 0.5 Conjurations
 - Level 0.7 Transmutations
 + Level 4.8 Earth Magic


You had 3 spell levels left.
You knew the following spells:

 Your Spells              Type           Power      Damage    Failure   Level
a - Sandblast             Erth           36%        2d10      2%          1
b - Stone Arrow           Conj/Erth      22%        3d8       19%         3

Your spell library contained the following spells:

 Spells                   Type           Power      Damage    Failure   Level
 Passwall                 Tmut/Erth      9%         N/A       9%          2
 Petrify                  Tmut/Erth      11%        N/A       50%         4


Dungeon Overview and Level Annotations

Branches:
Dungeon (2/15)

Altars:


Innate Abilities, Weirdness & Mutations

You are immune to sickness and miasma.
Your stone body is resilient. (AC +3)
You are immune to poison.
You resist negative energy. (rN+)
You are resistant to electric shocks. (rElec)
You are resistant to unholy torment.
You are immune to petrification.


Message History

The blast of sand hits the jackal!
You kill the jackal!
The blast of sand misses the jackal.
The jackal bites you but does no damage.
The jackal closely misses you.
The blast of sand hits the jackal!
You kill the jackal!
You can't see any susceptible monsters within range! (Use Z to cast anyway.)
You can't see any susceptible monsters within range! (Use Z to cast anyway.)
You see here a jackal corpse.
Done exploring.
Done exploring.
This spell is extremely dangerous to cast!
Memorise Stone Arrow, consuming 3 spell levels and leaving 3?
You start memorising the spell.
You continue memorising. x3
You finish memorising.
Spell assigned to 'b'.
Done exploring.
(D) Dungeon
Where to? (Enter - D:1 @ (x,y), ? - help)
There is an open door here.
There is a stone staircase leading down here.
You climb downwards.
The gnoll shouts!
You hear a shout!
You hear an angry hiss.
Found two maces, 6 poisoned darts and an inky potion.
Found a stone staircase leading down.
There is a stone staircase leading up here.
There are monsters nearby!
The blast of sand hits the gnoll!
You kill the gnoll!
The blast of sand misses the gnoll.
The gnoll barely misses you.
A gnoll comes into view. It is wielding a +0 whip.
The blast of sand misses the gnoll.
The gnoll shouts!
The gnoll misses you.
The blast of sand hits the gnoll!
The gnoll is almost dead.
A gnoll comes into view. It is wielding a +0 flail.
The gnoll hits you from afar with a +0 halberd! x2
Ouch! That really hurt!
You die...

.. . ###
g#### .>#
)....
#.#.g....
####)#g.....
#.......#
#...@...#
#....)..#
#.......#
#.......#
......#(.#
#####..#..#
...##.# !...
..


You could see 3 gnolls.

Vanquished Creatures
  A gnoll (D:2)
  4 dart slugs (D:1)
  An endoplasm (D:1)
  2 giant cockroaches (D:1)
  3 hobgoblins (D:1)
  2 jackals (D:1)
  A quokka (D:1)
  3 ball pythons (D:1)
  A bat (D:1)
  2 goblins (D:1)
  4 kobolds (D:1)
  2 rats (D:1)
26 creatures vanquished.

Notes
Turn   | Place    | Note
-------+----------+-------------------------------------------
     0 | D:1      | snakesoul the Gargoyle Earth Elementalist began the quest
                  | for the Orb.
     0 | D:1      | Reached XP level 1. HP: 10/10 MP: 3/3
   159 | D:1      | Reached skill level 4 in Earth Magic
   226 | D:1      | Reached XP level 2. HP: 14/15 MP: 0/5
   701 | D:1      | Reached XP level 3. HP: 19/19 MP: 3/6
  1110 | D:1      | Learned a level 3 spell: Stone Arrow
  1145 | D:2      | Slain by a gnoll

Illustrated notes

Levels and vault maps discovered:
D:1:      matt_arrival_los_fun, layout_basic, grunt_decor_fettered
D:2:      layout_basic, minmay_fractal_squares_5, uniq_natasha

Skill      XL: |  1 |
---------------+----+-----
Earth Magic    | 4 |  4.8
Dodging        | |  1.5
Stealth        | |  2.1
Spellcasting   | |  2.5
Conjurations   | |  0.5
Transmutations | |  0.7

Action                     || total
---------------------------++-------
   Cast: Sandblast         ||    39
 Armour: Robe              ||     2
  Dodge: Dodged            ||     8
